 Dungeon Crawl Stone Soup version 0.22-a0-284-g99d1f74 (webtiles) character file.

49 MatthieuS the Insei (level 4, -1/35 HPs)
             Began as a Human Monk on Mar 22, 2018.
             Slain by an adder (2 damage)
             ... on level 2 of the Dungeon.
             The game lasted 00:03:21 (1189 turns).

MatthieuS the Insei (Human Monk)                    Turns: 1189, Time: 00:03:21

Health: -1/35      AC:  8    Str: 17    XL:     4   Next: 2%
Magic:  4/4        EV:  7    Int: 11    God:
Gold:   96         SH:  0    Dex: 15    Spells: 3/3 levels left

rFire    + . .     SeeInvis .     - Unarmed
rCold    . . .     Gourm    .   (no shield)
rNeg     . . .     Faith    +   j - +0 chain mail
rPois    .         Spirit   .   (no helmet)
rElec    .         Reflect  .   (no cloak)
rCorr    .         Harm     .   (no gloves)
MR       .....                  (no boots)
Stlth    ..........             a - amulet of faith {!P}
HPRegen  0.11/turn              m - ring of protection from fire
MPRegen  0.09/turn              (no ring)

@: mighty, lethally poisoned (-1 -> -5), heavily drained
A: no striking features
a: no special abilities


You were on level 2 of the Dungeon.
You were not hungry.

You visited 1 branch of the dungeon, and saw 2 of its levels.

You collected 96 gold pieces.

Inventory:

Missiles
 l - 16 poisoned needles
Armour
 j - a +0 chain mail (worn)
   (You found it on level 1 of the Dungeon)
Jewellery
 a - an amulet of faith (around neck) {!P}
   (You found it on level 1 of the Dungeon)
 m - a ring of protection from fire (left hand)
   (You found it on level 2 of the Dungeon)
Scrolls
 c - a scroll of teleportation {unknown}
 g - a scroll of magic mapping {unknown}
 i - a scroll of amnesia {unknown}
 k - a scroll of enchant armour {unknown}
Potions
 d - a potion of curing {unknown}
Comestibles
 e - 3 rations
 f - 4 chunks of flesh


   Skills:
 + Level 3.3(1.0) Fighting
 + Level 1.2(0.0) Armour
 + Level 3.3(1.0) Dodging
 - Level 2.0(0.0) Stealth
 * Level 3.6(1.3) Unarmed Combat


You had 3 spell levels left.
You didn't know any spells.

Dungeon Overview and Level Annotations

Branches:
Dungeon (2/15)

Altars:


Message History

You hit the adder but do no damage. The adder bites you.
The adder bites you but does no damage.
You closely miss the adder. The adder bites you but does no damage.
You hit the adder but do no damage. The adder completely misses you.
You miss the adder.
You feel sick. The adder bites you.
* * * LOW HITPOINT WARNING * * *
You miss the adder. The adder bites you.
* * * LOW HITPOINT WARNING * * *
You are more poisoned.
The adder poisons you! The adder bites you but does no damage.
You closely miss the adder.
You feel sick. The adder bites you but does no damage.
You closely miss the adder. The adder bites you but does no damage.
Unknown command.
You miss the adder.
You feel sick. The adder bites you but does no damage.
The adder barely misses you.
You hit the adder but do no damage.
You feel sick. The adder bites you but does no damage.
You closely miss the adder. The adder bites you but does no damage.
You closely miss the adder.
You feel sick. The adder bites you but does no damage.
You hit the adder. The adder bites you.
* * * LOW HITPOINT WARNING * * *
You are lethally poisoned!
The adder poisons you!
You miss the adder.
* * * LOW HITPOINT WARNING * * *
You feel sick. The adder barely misses you. x2
You hit the adder.
* * * LOW HITPOINT WARNING * * *
You feel sick. The adder bites you but does no damage.
It was a potion of might.
You feel very mighty all of a sudden.
* * * LOW HITPOINT WARNING * * *
You feel sick. The adder barely misses you.
You feel mightier all of a sudden.
The adder bites you but does no damage. x2
You barely miss the adder.
* * * LOW HITPOINT WARNING * * *
You feel sick. The adder completely misses you.
You barely miss the adder.
* * * LOW HITPOINT WARNING * * *
You feel sick. The adder bites you.
* * * LOW HITPOINT WARNING * * *
You barely miss the adder. The adder barely misses you.
Unknown command.
Your chain mail prevents you from hitting the adder.
* * * LOW HITPOINT WARNING * * *
You feel sick. The adder bites you.
You die...

.# #.....# ## #.###.#.
#........# # #.#
#.#.##........# #
#.###.#...........# #
#.#<..# #.........#
####.#######.........#
.....#.....#.........#
.#####.###.#....S....#
.# #.#.#.##...@†?..#
.# #...#<##........#
.# ###.#.##........#
.#######.#.###'#######
.........#.# #.#
##########.###.#
#.....# #######


You could see an adder.

Vanquished Creatures
  2 oozes
  2 dart slugs
  A ball python (D:1)
  A giant cockroach (D:2)
  8 hobgoblins
  3 jackals (D:2)
  4 bats
  6 frilled lizards
  3 goblins
  2 kobolds (D:2)
  3 rats
35 creatures vanquished.

Notes
Turn   | Place    | Note
-------+----------+-------------------------------------------
     0 | D:1      | MatthieuS the Human Monk began the quest for the Orb.
     0 | D:1      | Reached XP level 1. HP: 18/18 MP: 1/1
   114 | D:1      | Reached XP level 2. HP: 24/24 MP: 2/2
   319 | D:1      | Reached XP level 3. HP: 28/29 MP: 3/3
   700 | D:2      | Reached skill level 1 in Armour
  1116 | D:2      | Reached XP level 4. HP: 26/35 MP: 4/4
  1189 | D:2      | HP: 1/35 [poisoned by an adder]
  1189 | D:2      | Slain by an adder

Vault maps used:
D:1:      onia_arrival_mini_maze
D:2:      nicolae_ru_the_path_less_chosen

Skill      XL: |  1  2  3 |
---------------+----------+-----
Armour         | 1 |  1.2
Fighting       | |  3.3
Dodging        | |  3.3
Stealth        | |  2.0
Unarmed Combat | |  3.6

Action                   |  1- 3 |  4- 6 || total
-------------------------+-------+-------++-------
Melee: Unarmed           |   220 |    39 ||   259
  Use: Scroll            |     2 |       ||     2
       Potion            |       |     2 ||     2
 Stab: Sleeping          |     1 |       ||     1
  Eat: Chunk             |     1 |       ||     1
Armor: Robe              |    14 |       ||    14
       Chain mail        |   137 |    29 ||   166
Dodge: Dodged            |   100 |    12 ||   112

Table legend:
 A = Spawn XP
 B = Non-spawn XP
 C = Spawn XP percentage of total XP
 D = Spawn monster count
 E = Non-spawn monster count
 F = Spawn count percentage of total count
 G = Total turns spent on level
                    A         B        C        D         E        F      G
               +---------+---------+-------+---------+---------+-------+---------
         Total |       0 |      71 |   0.0 |       0 |      35 |   0.0 |  1189
               +---------+---------+-------+---------+---------+-------+---------
           D:1 |       0 |      36 |   0.0 |       0 |      19 |   0.0 |   688
           D:2 |       0 |      35 |   0.0 |       0 |      16 |   0.0 |   501
               +---------+---------+-------+---------+---------+-------+---------
